Map: Invader LE

Players

Jgg - Winner!

  • Race: Zerg Zerg
  • League: Gold

capac

  • Race: Terran Terran
  • League: Gold

VOD

Have the link to the VOD?

Description

Time

  • Played on: April 18, 2016, 3:53 p.m.
  • Length: 13:08
Show
View Real Time Build Order
Export as new Build Order

Jgg Zerg - Winner!

Build Orders: Hatch First 

Get SALT Encoding   

  12  0:01  Drone  
  13  0:08  Drone  
  14  0:17  Overlord  
  14  0:36  Drone x3  
  17  0:57  Hatchery  
  17  1:03  Extractor  
  16  1:13  Spawning Pool  
  16  1:14  Drone  
  16  1:15  Drone  
  17  1:19  Drone  
  18  1:27  Drone  
  19  1:49  Drone x2  
  21  2:13  Hatchery  
  21  2:14  Queen, Extractor  
  21  2:15  Queen  
  23  2:16  Drone  
  24  2:34  Drone x2  
  26  2:39  Drone  
  27  2:45  Drone  
  27  2:47  Roach Warren  
  27  3:01  Drone  
  28  3:05  Overlord  
  28  3:06  Overlord x2  
  28  3:17  Lair  
  28  3:25  Drone x2  
  28  3:26  Drone  
  31  3:31  Queen, Drone  
  31  3:32  Drone x3  
  37  3:36  Roach  
  37  3:41  Roach  
  41  3:44  Drone  
  42  3:58  Roach x2  
  42  4:02  Drone x4  
  50  4:03  Overlord, Drone  
  51  4:11  Drone  
  52  4:20  Drone  
  52  4:21  Extractor  
  52  4:24  Extractor  
  52  4:25  Extractor  
  52  4:28  Drone x3  
  52  4:30  Glial Reconstitution  
  53  4:33  Drone x2  
  53  4:37  Drone x2  
  53  4:38  Drone  
  58  4:39  Drone x3  
  61  4:49  Drone x2  
  61  4:50  Evolution Chamber  
  61  4:51  Drone  
  63  4:53  Evolution Chamber  
  63  4:54  Drone  
  63  4:55  Drone  
  63  4:56  Drone  
  65  5:01  Overlord x4  
  65  5:14  Drone  
  66  5:25  Roach x3  
  66  5:26  Roach x2  
  66  5:27  Roach x3  
  82  5:30  Zerg Missile Weapons Level 1  
  82  5:31  Zerg Ground Armor Level 1  
  82  5:34  Drone x4  
  86  5:38  Drone x2  
  88  5:47  Ravager x2  
  88  5:49  Overlord x3  
  90  6:00  Extractor x2, Drone  
  90  6:01  Drone  
  90  6:04  Drone x3  
  93  6:15  Ravager x2  
  93  6:18  Drone  
  96  6:20  Metabolic Boost  
  96  6:21  Baneling Nest  
  96  6:22  Zergling x6  
  96  6:23  Zergling x6  
  96  6:24  Zergling x4  
  103  6:43  Roach x9  
  103  6:45  Overlord x4, Spore Crawler  
  120  7:01  Ravager x2  
  122  7:02  Overlord x3  
  122  7:03  Overlord  
  122  7:08  Spore Crawler  
  121  7:10  Spore Crawler  
  121  7:11  Drone  
  121  7:12  Drone x3  
  124  7:16  Drone x2  
  124  7:19  Ravager x3  
  124  7:20  Baneling x3  
  124  7:21  Baneling x4  
  129  7:36  Queen  
  131  7:45  Zerg Missile Weapons Level 2  
  131  7:48  Zerg Ground Armor Level 2  
  131  8:08  Hatchery  
  104  8:30  Roach x4  
  104  8:31  Roach x13  
  131  8:39  Zergling x2  
  131  8:40  Zergling x20  
  116  8:52  Roach x3  
  116  8:54  Ravager x2  
  116  8:55  Ravager x2  
  126  8:59  Baneling  
  126  9:00  Baneling x9  
  126  9:02  Centrifical Hooks  
  126  9:07  Extractor  
  126  9:08  Extractor  
  124  9:11  Drone  
  112  9:36  Drone  
  113  9:39  Hydralisk Den  
  113  9:42  Queen, Drone x3  
  113  9:45  Drone x3  
  118  9:47  Drone x3  
  118  9:48  Drone  
  118  9:49  Drone x17  
  141  9:54  Baneling  
  141  9:56  Ravager x2  
  141  9:59  Ravager  
  145  10:00  Ravager  
  126  10:51  Roach  
  126  10:52  Roach x14  
  126  10:55  Muscular Augments  
  136  11:11  Hydralisk x5  
  133  11:16  Hydralisk x3  
  149  11:23  Hydralisk x3  
  149  11:24  Hydralisk x2  
  159  11:26  Ravager x3  
  159  11:27  Ravager x3  
  165  11:40  Infestation Pit, Drone  
  165  11:57  Spore Crawler  
  165  11:58  Hydralisk x8, Spore Crawler  
  165  11:59  Hydralisk x2  
  183  12:01  Overlord  
  183  12:02  Overlord x6  
  183  12:07  Hatchery  
  182  12:17  Hydralisk  
  182  12:19  Overlord x3  
  184  12:23  Infestor x5  
  184  12:26  Infestor x2  
  198  12:33  Extractor  
  198  12:35  Extractor  
Show
View Real Time Build Order
Export as new Build Order

capac Terran 

Build Orders: Reaper Expand, MMM Bio 

Get SALT Encoding   

  12  0:00  SCV  
  13  0:13  SCV  
  14  0:18  Supply Depot  
  14  0:25  SCV  
  15  0:41  Barracks  
  15  0:42  SCV  
  16  0:48  Refinery  
  16  0:54  SCV  
  17  1:06  SCV  
  18  1:18  SCV  
  19  1:31  Orbital Command  
  19  1:33  Reaper  
  20  1:42  Command Center  
  20  1:57  Supply Depot  
  20  2:00  SCV  
  21  2:08  Marine  
  22  2:13  Factory  
  22  2:16  Refinery  
  22  2:18  SCV  
  23  2:25  Barracks  
  23  2:38  SCV  
  23  2:39  Barracks Reactor  
  24  2:50  SCV  
  25  3:00  Factory Tech Lab  
  25  3:04  Starport, SCV  
  26  3:06  Orbital Command  
  25  3:15  Barracks Reactor  
  25  3:16  Barracks Tech Lab, SCV  
  25  3:18  Barracks  
  26  3:23  Marine x2  
  28  3:32  SCV x2  
  30  3:39  Marine  
  31  3:43  Siege Tank  
  34  3:49  Supply Depot  
  34  3:51  Medivac  
  34  3:54  Marine  
  34  3:55  Marine  
  38  4:00  SCV x2  
  40  4:09  Barracks Reactor  
  40  4:13  SCV x2  
  42  4:20  Supply Depot, Refinery  
  42  4:22  Marine x3  
  45  4:25  SCV x2  
  45  4:27  Stimpack  
  47  4:42  Marine x3  
  47  4:44  SCV x2  
  52  4:46  Siege Tank  
  52  4:48  Starport Reactor  
  52  4:52  Supply Depot  
  55  4:56  SCV x2  
  57  5:01  Supply Depot  
  57  5:03  Marine x3  
  57  5:05  Marine  
  61  5:08  SCV  
  61  5:13  SCV  
  63  5:16  Supply Depot  
  63  5:17  Marine  
  63  5:19  Siege Tank  
  67  5:28  Marine x2, SCV x2  
  69  5:29  Marine x2  
  73  5:40  Medivac x2  
  73  5:41  Marine  
  78  5:44  SCV x2  
  78  5:46  Marine x2  
  78  5:47  Marine x2  
  78  5:48  Supply Depot  
  84  5:56  SCV  
  84  5:57  Command Center  
  85  6:00  Refinery  
  85  6:07  Marine  
  85  6:09  Marine x4, Siege Tank  
  93  6:14  Supply Depot  
  93  6:15  SCV  
  94  6:35  Marine x5, SCV  
  100  6:48  Medivac  
  100  6:52  Supply Depot  
  102  6:56  Marine x2, Medivac  
  102  6:57  Siege Tank, SCV  
  102  7:00  Engineering Bay  
  110  7:01  Engineering Bay  
  110  7:08  Marine x3, SCV  
  111  7:10  SCV  
  111  7:14  Marine x2  
  117  7:18  Medivac  
  117  7:20  SCV  
  120  7:23  SCV  
  120  7:26  Marine x3, Medivac  
  126  7:32  Marine x2  
  128  7:44  Marine  
  129  7:46  Combat Shields  
  129  7:48  SCV x2  
  129  7:49  Marine  
  129  7:50  Marine  
  133  7:54  Terran Infantry Weapons Level 1, Terran Infantry Armor Level 1  
  133  7:57  Supply Depot  
  133  7:58  Armory  
  133  8:00  Supply Depot x2  
  133  8:19  Marine x2, SCV  
  109  8:48  Liberator  
  109  8:49  Marine x4, Liberator  
  109  8:50  Marine  
  114  9:03  Siege Tank  
  114  9:06  Barracks  
  114  9:07  Marine x5  
  114  9:08  Barracks x2  
  128  9:12  Terran Ship Weapons Level 1  
  93  9:33  Marine x3  
  93  9:37  Liberator  
  93  9:38  Liberator  
  96  9:41  Marine x2  
  98  9:47  SCV x2  
  98  9:51  Terran Infantry Weapons Level 2, Terran Infantry Armor Level 2, Marine  
  101  9:57  Barracks Reactor x2  
  101  9:59  SCV  
  108  10:04  Barracks  
  74  10:22  Marine x2  
  74  10:23  Marine x2  
  76  10:29  Marine x2  
  76  10:34  Marine x2  
  81  10:40  Marine x4  
  85  10:46  Marine  
  85  10:47  Marine  
  85  10:49  Marine  
  64  10:50  Marine  
  54  11:07  Marine  
  54  11:08  Marine  
  50  11:12  Marine x2  
  50  11:13  Marine x5  
  57  11:25  Marine  
  58  11:26  Marine  
  58  11:30  Marine x3  
  58  11:31  Marine x4  
  66  11:39  Medivac  
  68  11:40  Medivac  
  68  11:46  Siege Tank  
  75  11:48  Starport, Marine x4  
  75  11:53  Orbital Command  
  79  11:58  Marine  
  79  12:00  Barracks Tech Lab  
  79  12:01  Barracks Tech Lab  
  80  12:02  Barracks Tech Lab  
  80  12:03  Barracks Tech Lab  
  78  12:09  Marine x2  
  57  12:48  Marine  
Tags
 
Add a new tag
Caveats
  • Supply blocks, unpowered buildings, or Contaminate may cause inaccurate times.
  • Supply counts are checked every 10 seconds.